 Dungeon Crawl Stone Soup version 0.23.2-33-g5129a83184 (webtiles) character file.

Game seed: 3940837954129910075

397 psyvane the Stinger (level 6, -5/36 HPs)
             Began as an Octopode Venom Mage on July 13, 2019.
             Was an Initiate of Ashenzari.
             Killed from afar by a white imp (9 damage)
             ... with a puff of frost
             ... summoned by Eustachio
             ... on level 5 of the Dungeon.
             The game lasted 00:14:47 (4328 turns).

psyvane the Stinger (Octopode Venom Mage)           Turns: 4328, Time: 00:14:48

Health: -5/36      AC:  1    Str:  7    XL:     6   Next: 83%
Magic:  0/12       EV: 13    Int: 17    God:    Ashenzari [......]
Gold:   162        SH:  0    Dex: 15    Spells: 2/13 levels left

rFire    . . .     SeeInvis .   j - +2 falchion (protect)
rCold    . . .     Gourm    .   (no shield)
rNeg     . . .     Faith    .   (helmet restricted)
rPois    .         Spirit   .   (no amulet)
rElec    .         Reflect  .   (no ring)
rCorr    .         Harm     .   (no ring)
MR       .....                  (no ring)
Stlth    +++.......             (no ring)
HPRegen  0.12/turn              (no ring)
MPRegen  0.13/turn              (no ring)
                                (no ring)
                                (no ring)

@: no status effects
A: almost no armour, stealthy swim, amphibious, 8 rings, constrict 8, camouflage
1, gelatinous body 1
a: Curse Item, Renounce Religion


You were on level 5 of the Dungeon.
You worshipped Ashenzari.
Ashenzari was noncommittal.
You were hungry.

You visited 1 branch of the dungeon, and saw 5 of its levels.

You collected 162 gold pieces.

Inventory:

Hand Weapons
 a - a +0 spear
 c - a +0 short sword
 j - a +2 falchion of protection (weapon)
 m - a +1 spear of piercing
Scrolls
 d - 3 scrolls of remove curse
 e - a scroll of enchant weapon {unknown}
 f - 2 scrolls of teleportation
 i - a scroll of enchant armour {unknown}
 k - 2 scrolls of identify
Potions
 g - a potion of curing
 h - 2 potions of mutation
 l - a potion of invisibility {unknown}
 o - a potion of ambrosia {unknown}
Comestibles
 b - 7 rations


   Skills:
 - Level 2.0 Dodging
 - Level 2.6 Stealth
 - Level 4.0 Spellcasting
 - Level 1.0 Conjurations
 - Level 1.0 Air Magic
 * Level 7.4 Poison Magic


You had 2 spell levels left.
You knew the following spells:

 Your Spells              Type           Power        Failure   Level  Hunger
a - Sting                 Conj/Pois      ###.         2%          1    None
b - Poisonous Vapours     Pois/Air       ###...       4%          2    ##.....
c - Mephitic Cloud        Conj/Pois/Air  ##......     13%         3    ###....
d - Venom Bolt            Conj/Pois      ###.......   61%         5    ######.

Your spell library contained the following spells:

 Spells                   Type           Power        Failure   Level  Hunger
 Olgreb's Toxic Radiance  Pois           ####....     8%          4    ####...


Dungeon Overview and Level Annotations

Branches:
Dungeon (5/15)             Temple (0/1) D:4

Altars:
Ashenzari
Okawaru
Ru
Trog
Uskayaw

Shops:
D:4 (

Annotations:
D:5 Eustachio


Innate Abilities, Weirdness & Mutations

You cannot wear most types of armour.
You are very stealthy in the water. (Stealth+)
You are amphibious.
You can wear up to eight rings at the same time.
You can use your tentacles to constrict eight enemies at once.
Your skin changes colour to match your surroundings (Stealth+).
Your rubbery body absorbs attacks. (AC +1, EV +1)


Message History

Aiming: Poisonous Vapours (safe; 4% risk of failure)
Press: ? - help, Dir - move target cursor, f/p - Eustachio
Aim: Eustachio, wielding a +1 falchion of freezing and wearing a +0 leather armour (moderately wounded, poisoned) Poisonous vapours surround Eustachio!
The white imp hits you. The white imp freezes you.
Eustachio is engulfed in poison gas.
Eustachio looks as sick as possible!
Eustachio hits you with a +1 falchion of freezing!
* * * LOW HITPOINT WARNING * * *
Eustachio freezes you.
* * * LOW HITPOINT WARNING * * *
Casting: Poisonous Vapours (safe; 4% risk of failure)
Confirm with . or Enter, or press ? or * to list all spells.
Aiming: Poisonous Vapours (safe; 4% risk of failure)
Press: ? - help, Dir - move target cursor, f/p - Eustachio
Aim: Eustachio, wielding a +1 falchion of freezing and wearing a +0 leather armour (heavily wounded, poisoned) Poisonous vapours surround Eustachio!
The white imp sputters.
The white imp gestures at you. The puff of frost hits you!
You die...

..........##..#
................
.........###.<##
.........# ..#
.........+ ..
.........# .#
.........###.##
...........#@.###+#
...........@5......
#+##+#.....#5......
#.....#.#.....
#.....#.# ....
#.....#.# #+#
#.....#.# #.....#.#
#.....#..


You could see Eustachio, a white imp and an ufetubus.

Vanquished Creatures
  An ogre (D:4)
  Natasha (twice) (D:2)
  2 worker ants (D:4)
  A hound skeleton (D:4)
  7 gnolls (D:3)
  5 adders
  An adder skeleton (D:4)
  A worm (D:3)
  5 dart slugs
  4 leopard geckos
  2 ball pythons
  7 giant cockroaches
  4 goblins
  2 hobgoblins
  12 jackals
  A quokka (D:4)
  2 bats
  6 frilled lizards
  7 kobolds
  5 rats (D:1)
77 creatures vanquished.

Notes
Turn   | Place    | Note
-------+----------+-------------------------------------------
     0 | D:1      | psyvane the Octopode Venom Mage began the quest for the
                  | Orb.
     0 | D:1      | Reached XP level 1. HP: 11/11 MP: 3/3
   246 | D:1      | Reached skill level 4 in Poison Magic
   305 | D:1      | Reached XP level 2. HP: 17/17 MP: 1/5
   760 | D:1      | Learned a level 2 spell: Poisonous Vapours
   823 | D:1      | Reached skill level 5 in Poison Magic
   823 | D:1      | Reached XP level 3. HP: 20/21 MP: 1/6
  1179 | D:2      | Learned a level 3 spell: Mephitic Cloud
  1279 | D:2      | Noticed Natasha
  1292 | D:2      | Killed Natasha
  1292 | D:2      | Reached XP level 4. HP: 20/27 MP: 0/7
  1384 | D:2      | Found a sacrificial altar of Ru.
  1490 | D:2      | Reached skill level 6 in Poison Magic
  1725 | D:2      | Reached skill level 1 in Air Magic
  2037 | D:2      | Noticed Natasha
  2045 | D:2      | Killed Natasha
  2045 | D:2      | Reached XP level 5. HP: 22/31 MP: 1/8
  2144 | D:2      | Found a shattered altar of Ashenzari.
  2144 | D:2      | Found a bloodstained altar of Trog.
  2148 | D:2      | Became a worshipper of Ashenzari the Shackled
  3013 | D:3      | Found an iron altar of Okawaru.
  3020 | D:3      | Reached XP level 6. HP: 36/36 MP: 3/11
  3449 | D:4      | Found Icumynti's Antique Weapon Shop.
  3483 | D:4      | Learned a level 5 spell: Venom Bolt
  3496 | D:4      | Found a staircase to the Ecumenical Temple.
  3807 | D:4      | Reached skill level 7 in Poison Magic
  3845 | D:4      | Found a hide-covered altar of Uskayaw.
  3848 | D:4      | Noticed a +0 hand axe
  3849 | D:4      | Noticed a +0 hand axe
  3990 | D:4      | Noticed a phantom
  4083 | D:5      | Entered Level 5 of the Dungeon
  4322 | D:5      | Noticed Eustachio
  4328 | D:5      | Killed from afar by a white imp

Skill      XL: |  1  2  3  4  5  6 |
---------------+-------------------+-----
Poison Magic   | 4 5 6 7 |  7.4
Air Magic      | 1 |  1.0
Spellcasting   | 3 4 |  4.0
Dodging        | |  2.0
Stealth        | |  2.6
Conjurations   | |  1.0

Action                   |  1- 3 |  4- 6 || total
-------------------------+-------+-------++-------
Melee: Short sword       |    22 |       ||    22
       Constrict         |    11 |    16 ||    27
       Tentacles         |     7 |    12 ||    19
       Unarmed           |     1 |       ||     1
       Spear             |    16 |     8 ||    24
       Falchion          |       |    45 ||    45
 Cast: Sting             |    39 |    49 ||    88
       Poisonous Vapours |     1 |    32 ||    33
  Use: Potion            |     1 |     2 ||     3
       Scroll            |     2 |     3 ||     5
 Stab: Sleeping          |       |     6 ||     6
  Eat: Chunk             |     2 |    10 ||    12
Armor: Skin              |     2 |    14 ||    16
Dodge: Dodged            |    19 |    47 ||    66
       Rpst.: Falchion   |       |    13 ||    13
